 Dungeon Crawl Stone Soup version 0.29-a0-319-gad05b8d819 (webtiles) character file.

Game seed: 1717633940376153406

120 Flugslaktarn the Skirmisher (level 4, -1/37 HPs)
             Began as a Palentonga Enchanter on Apr 2, 2022.
             Slain by an iguana (12 damage)
             ... on level 4 of the Dungeon.
             The game lasted 00:07:28 (758 turns).

Flugslaktarn the Skirmisher (Palentonga Enchanter)   Turns: 758, Time: 00:07:29

Health: -1/37      AC:  4    Str: 12    XL:     4   Next: 75%
Magic:  8/8        EV:  9    Int: 17    God:
Gold:   33         SH:  0    Dex: 10    Spells: 7/9 levels left

rFire   . . .      SeeInvis +   i - +2 flail (distort)
rCold   . . .      Faith    .   (no shield)
rNeg    . . .      Spirit   .   b - +0 robe
rPois   .          Reflect  .   (no helmet)
rElec   .          Harm     .   (no cloak)
rCorr   .          Rampage  .   (no gloves)
Will    .....                   (no barding)
Stlth   ++........              (no amulet)
HPRegen 0.12/turn               (no ring)
MPRegen 0.11/turn               (no ring)

@: no status effects
A: large, rugged brown scales 3, see invisible, deformed body, roll 1, armoured
tail
a: Rolling Charge


You were on level 4 of the Dungeon.
You visited 1 branch of the dungeon, and saw 4 of its levels.

You collected 58 gold pieces.
You spent 25 gold pieces at shops.

Inventory:

Hand Weapons
 a - a +1 dagger
 i - a +2 flail of distortion (weapon)
   (You took it off Terence on level 2 of the Dungeon)
Missiles
 g - 2 datura-tipped darts
Armour
 b - a +0 robe (worn)
 e - a +0 scale mail
   (You found it on level 1 of the Dungeon)
Wands
 h - a wand of polymorph (7) (quivered)
   (You took it off Terence on level 2 of the Dungeon)
Scrolls
 d - a scroll of blinking {unknown}
 j - a scroll of noise
 l - a scroll of vulnerability {unknown}
 m - a scroll of holy word {unknown}
 t - a scroll of teleportation
Potions
 c - a potion of invisibility
 f - a potion of might
 k - a potion of brilliance {unknown}
 q - a potion of curing


   Skills:
 + Level 3.1 Fighting
 - Level 1.0 Short Blades
 + Level 1.7 Maces & Flails
 - Level 1.5 Dodging
 - Level 2.0 Stealth
 - Level 3.0 Spellcasting
 - Level 3.0 Hexes


You had 7 spell levels left.
You knew the following spells:

 Your Spells              Type           Power      Damage    Failure   Level
a - Ensorcelled Hibernat  Hex/Ice        14%        N/A       14%         2

Your spell library contained the following spells:

 Spells                   Type           Power      Damage    Failure   Level
 Confusing Touch          Hex            12%        N/A       16%         3
 Tukima's Dance           Hex            12%        N/A       16%         3
 Magic Dart               Conj           8%         1d3       17%         1
 Sting                    Tmut/Pois      8%         1d3       17%         1
 Poisonous Vapours        Pois/Air       4%         N/A       26%         2
 Searing Ray              Conj           4%         2d4       26%         2
 Dazzling Flash           Conj/Hex       14%        N/A       28%         3
 Fulminant Prism          Conj/Hex       3%         3d6       67%         4
 Olgreb's Toxic Radiance  Pois           2%         N/A       86%         4


Dungeon Overview and Level Annotations

Branches:
Dungeon (4/15)
 Temple: D:4-7

Altars:

Shops:
D:3 *


Innate Abilities, Weirdness & Mutations

You are completely covered in rugged brown scales. (AC +3, +7% HP)
You have supernaturally acute eyesight. (SInv)
Armour fits poorly on your strangely shaped body.
You can roll at nearby foes to attack.
You have a long armoured tail.


Message History

You kill the adder!
Your Fighting skill increases to level 3!
Unknown command.
There is a stone staircase leading down here.
You climb downwards.
There is a stone staircase leading up here.
Roll where?
Press: ? - help, Dir - move target, f - orc
Aim: an orc, wielding a +0 trident and wearing a +0 chain mail You roll forward with a clatter of scales!
You hit the orc but do no damage.
Space warps horribly around the orc!!
You kill the orc!
You hear a shout!
There is a stone staircase leading up here.
The rat bites you but does no damage.
You closely miss the rat. The rat bites you.
You thump the rat!
You kill the rat!
Things that are here:
a +0 trident; a +0 chain mail Roll where?
Press: ? - help, Dir - move target, f - adder
Aim: an adder (wandering, hasn't noticed you)
You roll forward with a clatter of scales!
The adder hisses angrily.
You closely miss the adder.
Your tail-slap misses the adder.
The adder bites you.
You are poisoned.
The adder poisons you! The adder bites you but does no damage.
You sock the adder!
You kill the adder!
You feel sick.
You feel sick.
You see here an adder corpse.
You feel sick.
You feel sick.
You feel sick.
You feel sick.
You are no longer poisoned.
You now have 33 gold pieces (gained 7).
There is a stone staircase leading down here.
There is a stone staircase leading up here.
n - a fizzy silvery potion
Okay, then.
Okay, then.
As you read the scroll labelled ZYQ VILALIK, it crumbles to dust.
It is a scroll of identify.
k - a scroll of teleportation;
t - a scroll of teleportation
r - a scroll of identify
As you read the scroll of identify, it crumbles to dust.
n - a potion of curing;
q - a potion of curing An ogre comes into view.
It is wielding a +0 giant spiked club.
The ogre shouts!
Unknown command.
Unknown command.
Press: ? - help, v - describe, . - travel
Here: an ogre, wielding a +0 giant spiked club The floor.
Unknown command.
Unknown command.
Unknown command.
Aiming: Polymorph
Press: ? - help, Shift-Dir - straight line, f - ogre
Aim: an ogre, wielding a +0 giant spiked club (will become a tengu, a wyvern, or a fire bat, chance to affect: 49%)
Okay, then.
Unknown command.
Unknown command.
There is a stone staircase leading down here.
You climb downwards.
Found 11 gold pieces and a scroll labelled URHUSU EROM.
There is a stone staircase leading up here.
Found a stone staircase leading up.
d - a scroll labelled URHUSU EROM A hobgoblin and a gnoll come into view.
The gnoll is wielding a +1 whip of pain.
Found a silvery potion.
Roll where?
Press: ? - help, Dir - move target, f - hobgoblin
Aim: a hobgoblin (asleep)
You roll forward with a clatter of scales!
The hobgoblin shouts!
You bludgeon the hobgoblin!!
You kill the hobgoblin!
You hear a shout! x2
You see here a hobgoblin corpse.
A quokka and an iguana come into view.
You see here a silvery potion.
k - a silvery potion Roll where?
Press: ? - help, Dir - move target, f - iguana
Aim: an iguana (wandering, hasn't noticed you)
You roll forward with a clatter of scales!
You hit the iguana but do no damage.
You hear a shout!
The iguana bites you!
* * * LOW HITPOINT WARNING * * *
Unknown command.
You barely miss the iguana.
Your tail-slap misses the iguana.
The iguana bites you!
You die...

#. ... .# #.. ..#
..# #.# ..##..#
#.##..... #.......
#.....##..#
#..rl.##..##
#.°@.......
#°........#
#.##..##..########
#†##..##..##..<..##.
#.#...#...#.........
#.#...#...#.........
#..............$....
#..####..P.......#
#..# #P.P.......#


You could see an iguana and a quokka.

Vanquished Creatures
  Terence (D:2)
  Natasha (D:3)
  3 adders
  An orc (D:3)
  2 bats (D:2)
  2 endoplasms (D:2)
  3 goblins (D:2)
  7 hobgoblins
  3 jackals (D:2)
  2 quokkas
  2 ball pythons
  2 kobolds
  4 rats
33 creatures vanquished.

Notes
Turn   | Place    | Note
-------+----------+-------------------------------------------
     0 | D:1      | Flugslaktarn the Palentonga Enchanter began the quest for
                  | the Orb.
     0 | D:1      | Reached XP level 1. HP: 13/13 MP: 3/3
   141 | D:1      | Reached skill level 1 in Fighting
   176 | D:2      | Reached XP level 2. HP: 16/23 MP: 5/5
   221 | D:2      | Learned a level 2 spell: Ensorcelled Hibernation
   252 | D:2      | Noticed Terence
   267 | D:2      | Killed Terence
   268 | D:2      | Reached XP level 3. HP: 15/28 MP: 5/7
   469 | D:2      | Reached XP level 4. HP: 5/36 MP: 3/8
   495 | D:3      | Noticed Natasha
   564 | D:3      | Found Seaji's Assorted Antiques.
   606 | D:3      | Killed Natasha
   607 | D:3      | Reached skill level 1 in Maces & Flails
   619 | D:3      | Bought a scroll labelled YZAOKH DIKOUTAIWE for 25 gold
                  | pieces
   720 | D:3      | Noticed an ogre
   758 | D:4      | Slain by an iguana

Illustrated notes

Levels and vault maps discovered:
D:1:      dpeg_arrival_more_subterranean_lakeside_camping, layout_loops_ring,
          serial_glass, glass_columns_c, glass_columns_a,
          minmay_misc_feat_columns
D:2:      layout_basic, uniq_terence
D:3:      minmay_bubble_buster, layout_rooms, serial_shops, nicolae_shop_trees,
          kennysheep_generic_room_2, uniq_crazy_yiuf_cottage, uniq_jessica,
          uniq_natasha
D:4:      minmay_opposing_rooms, layout_gridville, zin_purify,
          sigmund_edmund_badplayer

Skill      XL: |  1  2  3  4 |
---------------+-------------+-----
Fighting       | 1 2 3 |  3.1
Spellcasting   | 3 |  3.0
Maces & Flails | 1 |  1.7
Short Blades   | |  1.0
Dodging        | |  1.5
Stealth        | |  2.0
Hexes          | |  3.0

Action                   |  1- 3 |  4- 6 || total
-------------------------+-------+-------++-------
Melee: Dagger            |    43 |       ||    43
       Tailslap          |     7 |       ||     7
       Unarmed           |     8 |       ||     8
       Flail             |    14 |    22 ||    36
 Cast: Ensorcelled Hiber |     4 |       ||     4
 Abil: Rolling Charge    |     2 |     6 ||     8
  Use: Potion            |     1 |     1 ||     2
       Scroll            |       |     3 ||     3
 Stab: Sleeping          |     2 |       ||     2
       Invisible         |     1 |       ||     1
Armor: Robe              |    16 |    11 ||    27
Dodge: Dodged            |    27 |    10 ||    37

Table legend: (Time is in decaauts)
 A = Elapsed time spent in this place.
 B = Non-inter-level travel time spent in this place.
 C = Inter-level travel time spent in this place.
 D = Time resting spent in this place.
 E = Time spent auto-exploring this place.
 F = Levels seen in this place.
 G = Mean time per level.
                   A        B        C        D        E       F      G
               +--------+--------+--------+--------+--------+-----+--------+
         Total |    772 |    772 |      0 |      0 |      0 |   4 |  193.0 |
       Dungeon |    772 |    772 |      0 |      0 |      0 |   4 |  193.0 |
               +--------+--------+--------+--------+--------+-----+--------+

Top non-repeatable levels by time:
     D:2: 424 daAuts
     D:3: 177 daAuts
     D:1: 147 daAuts
     D:4: 22 daAuts
